AoeStats
← 沒起房子我日

Nomad

509005571Analyzed
4v4 RM · 7d ago on Sep 25, 2026· 59m 55s· 8 players
Game mode
Random Map
Map size
231×231
Population
200
Speed
Normal
Resources
Standard
Victory
Conquest
Starting age
Dark Age
Ending age
Imperial Age
RankedLock teamsTeams togetherTeam positionsShared explorationLock speedFull tech treeHidden civsTurbo modeCheats
Victory
Defeat
🇹🇼 Berbers · Taiwan
1470
+15
🇲🇽 Spanish · Mexico
1408
+17
🇦🇷 Vietnamese · Argentina
1404
+17
🇧🇷 Saxons · Brazil
1381
+18
🇹🇼 Varangians · Taiwan
1535
-20
1478
-19
🇰🇷 Britons · South Korea
1421
-16
1306
-12
남조선사람
4:40 Loom
14:25 Feudal Age
18:47 Castle Age
17:21 Double-Bit Axe
17:17 Horse Collar
18:18 Gold Mining
18:44 Stone Mining
20:58 Bow Saw
25:31 Wheelbarrow
31:05 Imperial Age
29:15 Hand Cart
29:14 Fletching
29:26 Town Watch
29:51 Bodkin Arrow
30:24 Padded Archer Armor
31:11 Ballistics
31:51 Bracer
32:54 Chemistry
32:30 Warwolf
32:44 Elite Longbowman
33:55 Leather Archer Armor
33:56 Siege Engineers
34:31 Forging
34:21 Scale Mail Armor
34:24 Heavy Plow
34:48 Conscription
35:50 Two-Man Saw
35:02 Murder Holes
35:30 Masonry
36:23 Ring Archer Armor
36:29 Iron Casting
36:37 Chain Mail Armor
36:06 Pikeman
36:46 Squires
37:18 Architecture
37:10 Yeomen
39:19 Hoardings
39:45 Blast Furnace
38:32 Gambesons
38:07 Man-at-Arms
38:32 Arson
41:01 Plate Mail Armor
40:35 Caravan
40:11 Elite Skirmisher
41:33 Long Swordsman
42:31 Two-Handed Swordsman
42:32 Halberdier
44:24 Capped Ram
45:18 Champion
沒起房子我日
11:48 Loom
14:01 Feudal Age
15:22 Double-Bit Axe
17:38 Castle Age
16:25 Gold Mining
16:46 Fishing Lines
18:14 Forging
18:34 Medium Warships
21:18 Fletching
21:53 Bodkin Arrow
22:42 Bow Saw
22:42 Padded Archer Armor
26:43 Leather Archer Armor
27:09 Horse Collar
29:28 Ballistics
30:28 Wheelbarrow
36:02 Hand Cart
39:23 Imperial Age
36:50 Town Watch
37:48 Scale Mail Armor
38:32 Squires
38:50 Chain Mail Armor
40:17 Iron Casting
39:59 Elite Varangian Guard
41:56 Plate Mail Armor
42:51 Bracer
43:13 Arson
44:53 Blast Furnace
45:51 Stone Mining
哥们这瓜多少钱一斤?
4:56 Loom
14:20 Feudal Age
18:00 Castle Age
16:40 Fishing Lines
16:51 Horse Collar
17:40 Double-Bit Axe
18:51 Bow Saw
18:48 Gillnets
24:23 Wheelbarrow
27:27 Elite Skirmisher
28:01 Fletching
30:06 Hand Cart
30:32 Thumb Ring
31:05 Gold Mining
32:53 Bodkin Arrow
35:39 Imperial Age
35:51 Ballistics
35:41 Padded Archer Armor
36:14 Husbandry
36:31 Bracer
37:29 Bloodlines
36:40 Light Cavalry
38:36 Chemistry
37:54 Leather Archer Armor
38:44 Scale Barding Armor
42:01 Scale Mail Armor
42:13 Forging
42:59 Ring Archer Armor
44:30 Hussar
反派世界男主角
3:46 Loom
23:01 Feudal Age
28:21 Castle Age
35:56 Horse Collar
46:20 Wheelbarrow
46:07 Scale Barding Armor
46:12 Forging
46:08 Scale Barding Armor
46:13 Forging
Sastre ᴿˢ-
8:32 Loom
13:22 Feudal Age
20:47 Castle Age
19:46 Fletching
32:13 Bodkin Arrow
48:42 Double-Bit Axe
52:30 Wheelbarrow
M-A
3:44 Loom
14:56 Feudal Age
21:33 Castle Age
20:03 Double-Bit Axe
20:01 Fishing Lines
22:24 Bow Saw
22:25 Horse Collar
23:06 Medium Warships
23:44 Heavy Plow
24:21 Wheelbarrow
25:50 Hand Cart
27:18 Stone Mining
27:42 Gillnets
30:40 Gold Mining
31:53 Stone Shaft Mining
34:53 Imperial Age
32:26 Fletching
33:12 Thumb Ring
34:02 Bodkin Arrow
34:44 Padded Archer Armor
35:10 Elite Rattan Archer
36:17 Leather Archer Armor
36:05 Bracer
37:17 Chemistry
37:02 Leather Archer Armor
38:25 Ring Archer Armor
39:20 Siege Engineers
42:12 Bombard Tower
42:21 Ballistics
43:48 Elite Skirmisher
45:24 Imperial Skirmisher
48:47 Elite Genitour
49:52 Husbandry
50:03 Bloodlines
52:16 Ballistics
實樂
5:51 Loom
13:41 Feudal Age
17:30 Castle Age
17:33 Double-Bit Axe
18:29 Bow Saw
19:10 Fletching
19:36 Bloodlines
19:26 Husbandry
20:41 Bodkin Arrow
22:04 Ballistics
22:58 Padded Archer Armor
24:44 Horse Collar
32:32 Wheelbarrow
35:06 Imperial Age
34:00 Hand Cart
34:16 Scale Barding Armor
34:28 Leather Archer Armor
35:31 Chain Barding Armor
35:26 Heavy Plow
35:28 Light Cavalry
38:14 Plate Barding Armor
38:27 Hussar
40:35 Forging
42:15 Iron Casting
47:34 Conscription
47:21 Bracer
48:21 Blast Furnace
48:24 Elite Camel Archer
49:37 Ring Archer Armor
l3av3x
5:06 Loom
13:00 Feudal Age
14:52 Double-Bit Axe
17:52 Castle Age
17:33 Gold Mining
17:24 Horse Collar
19:18 Fletching
20:06 Bow Saw
20:26 Bodkin Arrow
27:34 Ballistics
28:57 Wheelbarrow
28:07 Town Watch
29:07 Fishing Lines
30:51 Careening
33:26 Hand Cart
39:14 Imperial Age
37:08 Scale Mail Armor
37:59 Heavy Plow
38:46 Arson
39:02 Squires
38:47 Gambesons
39:19 Chain Mail Armor
39:14 Forging
40:04 Gold Shaft Mining
39:38 Stone Mining
41:05 Bracer
41:17 Forging
42:05 Conscription
42:50 Crop Rotation
41:56 Elite Varangian Guard
43:27 Iron Casting
45:12 Plate Mail Armor
46:01 Siege Engineers
46:57 Chemistry
46:09 Masonry
47:18 Two-Man Saw
47:03 Shield Wall
54:46 Capped Ram
57:29 Siege Ram
58:02 Elite Hearth Troop
Connection lost

Rejoining the realm…

Still unreachable

The connection could not be restored.

Session expired

The server has moved on; the page needs a fresh start.